 Dungeon Crawl Stone Soup version 0.21-a0-531-gacddea6 (webtiles) character file.

41 slep the Chopper (level 3, 0/18 HPs)
             Began as a Vine Stalker Gladiator on Dec 13, 2017.
             Succumbed to an adder's poison
             ... on level 2 of the Dungeon.
             The game lasted 00:03:12 (953 turns).

slep the Chopper (Vine Stalker Gladiator)            Turns: 953, Time: 00:03:13

Health: 0/18       AC:  4    Str: 16    XL:     3   Next: 52%
Magic:  4/4        EV: 13    Int: 13    God:
Gold:   32         SH:  0    Dex: 16    Spells: 2/2 levels left

rFire    . . .     SeeInvis .   a - +0 war axe
rCold    . . .     Gourm    .   (no shield)
rNeg     . . .     Faith    .   b - +0 leather armour
rPois    .         Spirit   +   c - +0 helmet
rElec    .         Reflect  .   (no cloak)
rCorr    .         Harm     .   (no gloves)
MR       .....                  (no boots)
Stlth    +.........             (no amulet)
HPRegen  0.06/turn              (no ring)
MPRegen  0.09/turn              (no ring)

@: brilliant, lethally poisoned (0 -> -7), hasted, very quick
A: fangs 2, magic shield, antimagic bite, no potion heal 3, rot immunity
a: no special abilities


You were on level 2 of the Dungeon.
You were not hungry.

You visited 1 branch of the dungeon, and saw 2 of its levels.

You collected 32 gold pieces.

Inventory:

Hand Weapons
 a - a +0 war axe (weapon)
Missiles
 d - 3 throwing nets (quivered)
Armour
 b - a +0 leather armour (worn)
 c - a +0 helmet (worn)
Scrolls
 e - a scroll of identify {unknown}
 h - a scroll of enchant weapon {unknown}
 i - a scroll of blinking {unknown}
 j - a scroll of teleportation {unknown}
 m - a scroll of remove curse {unknown}
Comestibles
 f - a bread ration
 g - 2 meat rations
 n - 2 chunks of flesh


   Skills:
 + Level 2.0 Fighting
 + Level 3.3 Axes
 + Level 1.8 Throwing
 + Level 0.5 Armour
 + Level 2.8 Dodging
 + Level 0.4 Stealth


You had 2 spell levels left.
You didn't know any spells.

Dungeon Overview and Level Annotations

Branches:
Dungeon (2/15)

Altars:
Makhleb
Nemelex Xobeh


Innate Abilities, Weirdness & Mutations

You have extremely sharp teeth.
When hurt, damage is shared between your health and your magic reserves.
Your bite disrupts and absorbs the magic of your enemies.
Potions cannot restore your health.
You are immune to rotting.


Message History

* * * LOW HITPOINT WARNING * * *
You feel sick.
You see here an adder corpse.
You butcher the adder corpse.
* * * LOW HITPOINT WARNING * * *
You feel sick.
You see here 2 chunks of flesh.
n - 2 chunks of flesh
* * * LOW HITPOINT WARNING * * *
You feel sick.
* * * LOW HITPOINT WARNING * * *
You feel sick.
There is a lethal amount of poison in your body!
* * * LOW HITPOINT WARNING * * *
You feel sick.
It was a potion of haste.
You feel yourself speed up.
It was a potion of brilliance.
You feel clever all of a sudden.
There is a lethal amount of poison in your body!
You die...

+...........#
#.........#.##
##............#
...##.#..##..#
###.##.#.###..##.#
..............#
####.#......####
#.......##.#.#
##.#.@.....#.# #
#.....#.#..
#....>....##
#.....#.#.#
#.....?.# ..
#.####... # #..
.... ## ##..


There were no monsters in sight!

Vanquished Creatures
  An adder (D:2)
  An ooze (D:1)
  A leopard gecko (D:1)
  2 giant cockroaches
  4 goblins (D:1)
  A hobgoblin (D:2)
  3 jackals (D:1)
  2 quokkas (D:2)
  A ball python (D:1)
  3 bats
  2 frilled lizards
  A kobold (D:1)
  5 rats (D:1)
27 creatures vanquished.

Notes
Turn   | Place    | Note
-------+----------+-------------------------------------------
     0 | D:1      | slep the Vine Stalker Gladiator began the quest for the Orb.
     0 | D:1      | Reached XP level 1. HP: 11/11 MP: 2/2
   129 | D:1      | Reached skill level 3 in Axes
   129 | D:1      | Reached XP level 2. HP: 5/15 MP: 3/3
   438 | D:1      | Reached XP level 3. HP: 17/18 MP: 4/4
   892 | D:2      | Found a sparkling altar of Nemelex Xobeh.
   892 | D:2      | Found a burning altar of Makhleb.
   953 | D:2      | Succumbed to an adder's poison

Vault maps used:
D:1:      sevenhm_arrival_forest_fort_large_4
D:2:      lemuel_round_altar, chequers_temple_overflow_statue_of_worship,
          minmay_misc_feat_cross

Skill      XL: |  1  2  3 |
---------------+----------+-----
Axes           | 3 |  3.3
Fighting       | 2 |  2.0
Throwing       | |  1.8
Armour         | |  0.5
Dodging        | |  2.8
Stealth        | |  0.4

Action                   || total
-------------------------++-------
Melee: War axe           ||    69
       Bite              ||    18
  Use: Potion            ||     2
 Stab: Sleeping          ||     1
Armor: Leather armour    ||    18
Dodge: Dodged            ||    73

Table legend:
 A = Spawn XP
 B = Non-spawn XP
 C = Spawn XP percentage of total XP
 D = Spawn monster count
 E = Non-spawn monster count
 F = Spawn count percentage of total count
 G = Total turns spent on level
                    A         B        C        D         E        F      G
               +---------+---------+-------+---------+---------+-------+---------
         Total |       0 |      59 |   0.0 |       0 |      27 |   0.0 |   953
               +---------+---------+-------+---------+---------+-------+---------
           D:1 |       0 |      36 |   0.0 |       0 |      20 |   0.0 |   838
           D:2 |       0 |      23 |   0.0 |       0 |       7 |   0.0 |   115
               +---------+---------+-------+---------+---------+-------+---------
